 Dungeon Crawl Stone Soup version 0.27-a0-1287-gca74d27db6 (webtiles) character file.

Game seed: 13103815952118673045

169 Gwenloh the Grave Robber (level 5, -1/28 HPs)
             Began as a Deep Elf Necromancer on June 14, 2021.
             Killed by divine providence
             ... invoked by an orc priest
              (8 damage)
             ... on level 3 of the Dungeon.
             The game lasted 00:09:23 (3266 turns).

Gwenloh the Grave Robber (Deep Elf Necromancer)     Turns: 3266, Time: 00:09:24

Health: -1/28      AC:  2    Str:  5    XL:     5   Next: 25%
Magic:  3/11       EV: 12    Int: 21    God:
Gold:   109        SH:  0    Dex: 15    Spells: 6/10 levels left

rFire    . . .     SeeInvis .   f - +0 rapier
rCold    . . .     Faith    .   (no shield)
rNeg     . . .     Spirit   .   a - +0 robe
rPois    .         Reflect  .   (no helmet)
rElec    .         Harm     .   (no cloak)
rCorr    .         Rampage  .   (no gloves)
Will     .....                  (no boots)
Stlth    ++........             (no amulet)
HPRegen  0.09/turn              o - ring of wizardry
MPRegen  0.12/turn              (no ring)

@: no status effects
A: no striking features
a: no special abilities


You were on level 3 of the Dungeon.
You visited 1 branch of the dungeon, and saw 3 of its levels.

You collected 109 gold pieces.

Inventory:

Hand Weapons
 b - a +0 dagger
 f - a +0 rapier (weapon)
Missiles
 m - a throwing net
 s - 4 poisoned darts
Armour
 a - a +0 robe (worn)
 c - a +0 leather armour
Jewellery
 l - an amulet of guardian spirit
 o - a ring of wizardry (left hand)
Scrolls
 d - a scroll of brand weapon {unknown}
 g - a scroll of magic mapping {unknown}
 k - a scroll of teleportation {unknown}
 p - 3 scrolls of identify {unknown}
 q - a scroll of immolation {unknown}
 r - 3 scrolls of noise {unknown}
Potions
 e - a potion of berserk rage {unknown}
 h - a potion of heal wounds {unknown}
 i - a potion of haste {unknown}
 j - 2 potions of degeneration {unknown}
 n - a potion of brilliance {unknown}


   Skills:
 - Level 2.4 Dodging
 - Level 2.4 Stealth
 - Level 3.0 Spellcasting
 + Level 7.9 Necromancy


You had 6 spell levels left.
You knew the following spells:

 Your Spells              Type           Power      Damage    Failure   Level
a - Pain                  Necr           100%       1d9       1%          1
b - Vampiric Draining     Necr           18%        2d8       1%          3

Your spell library contained the following spells:

 Spells                   Type           Power      Damage    Failure   Level
 Animate Skeleton         Necr           72%        N/A       1%          1
 Animate Dead             Necr           18%        N/A       1%          4
 Agony                    Necr           36%        N/A       6%          5


Dungeon Overview and Level Annotations

Branches:
Dungeon (3/15)

Altars:
Nemelex Xobeh


Message History

Aiming: Pain (safe; 1% risk of failure)
Press: ? - help, Shift-Dir - straight line, f/p - orc wizard
Aim: an orc wizard, wielding a +0 dagger and wearing a +0 robe (heavily wounded, chance to affect: 84%)
The orc wizard writhes in agony.
The orc priest looks satisfied for a moment.
Casting: Pain (safe; 1% risk of failure)
Confirm with . or Enter, or press ? or * to list all spells.
Aiming: Pain (safe; 1% risk of failure)
Press: ? - help, Shift-Dir - straight line, f/p - orc wizard
Aim: an orc wizard, wielding a +0 dagger and wearing a +0 robe (heavily wounded, chance to affect: 84%)
The orc wizard writhes in agony.
The orc priest mumbles some strange prayers to Beogh against you.
Beogh smites you!
* * * LOW HITPOINT WARNING * * *
Casting: Pain (safe; 1% risk of failure)
Confirm with . or Enter, or press ? or * to list all spells.
Aiming: Pain (safe; 1% risk of failure)
Press: ? - help, Shift-Dir - straight line, f/p - orc wizard
Aim: an orc wizard, wielding a +0 dagger and wearing a +0 robe (severely wounded, chance to affect: 84%)
The orc wizard writhes in agony.
You kill the orc wizard!
The orc priest invokes the aid of Beogh against you.
You struggle to resist.
Casting: Pain (safe; 1% risk of failure)
Confirm with . or Enter, or press ? or * to list all spells.
Aiming: Pain (safe; 1% risk of failure)
Press: ? - help, Shift-Dir - straight line, f - orc priest
Aim: an orc priest, wielding a +0 club (chance to affect: 84%)
The orc priest writhes in agony!
Items here: ) [ ††.
Casting: Pain (safe; 1% risk of failure)
Confirm with . or Enter, or press ? or * to list all spells.
Aiming: Vampiric Draining (safe; 1% risk of failure)
Press: ? - help, Shift-Dir - straight line, f/p - orc priest
Aim: an orc priest, wielding a +0 club (heavily wounded)
You draw life force from the orc priest.
You feel life coursing into your body.
The orc priest invokes the aid of Beogh against you.
Beogh smites you!
You die...

......##.#.......#.##.###########
..(...##.#.##......<..#...###.###
......##.#.##.......#.#.8.'##..##
....>....).o..........#...#.÷##'#
.....###.#.......#..#.#...#.#..#.
#........##...........'.8.÷###.#.
#.............##.##.#.#...#..##+.
#######...#.####o†....#...#...##.
#####.####@##.#.#.8.+#...#.
...#.).##.#.#...###..'.
..#...#....#.###########
................)........
.......#####....######(#.#
....... #...........#.# .......
#.#......#..#.. .......
#.#.#.#.#.#.### #.#.#.#
.#.#.#.#.#.#..#


You could see an orc priest.

Vanquished Creatures
  Jessica (D:3)
  2 orc wizards (D:3)
  A worm (D:2)
  2 dart slugs
  6 orcs (D:3)
  5 bats
  7 endoplasms
  4 goblins
  5 hobgoblins
  5 jackals (D:3)
  7 kobolds
  4 quokkas
  6 ball pythons
  8 frilled lizards
  21 rats
84 creatures vanquished.

Notes
Turn   | Place    | Note
-------+----------+-------------------------------------------
     0 | D:1      | Gwenloh the Deep Elf Necromancer began the quest for the
                  | Orb.
     0 | D:1      | Reached XP level 1. HP: 10/10 MP: 6/6
   185 | D:1      | Reached skill level 5 in Necromancy
   416 | D:1      | Reached XP level 2. HP: 12/15 MP: 6/8
  1065 | D:2      | Reached skill level 6 in Necromancy
  1105 | D:2      | Reached XP level 3. HP: 15/19 MP: 4/9
  1109 | D:2      | Learned a level 3 spell: Vampiric Draining
  1252 | D:2      | Found a faded altar of an unknown god.
  2227 | D:3      | Noticed Jessica
  2232 | D:3      | Killed Jessica
  2233 | D:3      | Reached skill level 7 in Necromancy
  2233 | D:3      | Reached XP level 4. HP: 20/24 MP: 5/10
  2735 | D:3      | Found a sparkling altar of Nemelex Xobeh.
  3033 | D:3      | Reached XP level 5. HP: 20/28 MP: 3/11
  3266 | D:3      | Killed from afar by an orc priest

Illustrated notes

Levels and vault maps discovered:
D:1:      ebering_hopf_link, layout_basic, minmay_lizard_pond
D:2:      layout_rooms, ebering_ecumenical_altar_mist, minmay_rat_hole
D:3:      minmay_chambers_of_threes, layout_basic, nemelex_spade_bored_becter,
          uniq_jessica, uniq_crazy_yiuf_cottage

Skill      XL: |  1  2  3 |
---------------+----------+-----
Necromancy     | 5 6 7 |  7.9
Dodging        | |  2.4
Stealth        | |  2.4
Spellcasting   | |  3.0

Action                   |  1- 3 |  4- 6 || total
-------------------------+-------+-------++-------
Melee: Rapier            |     9 |     1 ||    10
 Cast: Pain              |    69 |    55 ||   124
       Vampiric Draining |     1 |     2 ||     3
Armor: Robe              |     2 |     1 ||     3
Dodge: Dodged            |     6 |     1 ||     7

Table legend: (Time is in decaauts)
 A = Elapsed time spent in this place.
 B = Non-inter-level travel time spent in this place.
 C = Inter-level travel time spent in this place.
 D = Time resting spent in this place.
 E = Time spent auto-exploring this place.
 F = Levels seen in this place.
 G = Mean time per level.
                   A        B        C        D        E       F      G
               +--------+--------+--------+--------+--------+-----+--------+
         Total |   3271 |   3169 |    102 |    208 |   2638 |   3 | 1090.3 |
       Dungeon |   3271 |   3169 |    102 |    208 |   2638 |   3 | 1090.3 |
               +--------+--------+--------+--------+--------+-----+--------+

Top non-repeatable levels by time:
     D:3: 1377 daAuts
     D:1: 1034 daAuts
     D:2: 859 daAuts
